 Dungeon Crawl Stone Soup version 0.31-a0-1476-g8a4046af8c (webtiles) character file.

Game seed: 14710986584902603848

611 Bnni the Digger (level 7, -16/54 HPs)
             Began as a Formicid Earth Elementalist on Dec 29, 2023.
             Demolished by an ogre
             ... wielding a +0 giant spiked club
              (35 damage)
             ... on level 5 of the Dungeon.
             The game lasted 00:05:43 (3376 turns).

Bnni the Digger (Formicid Earth Elementalist)       Turns: 3376, Time: 00:05:44

Health: -16/54     AC:  7    Str: 12    XL:     7   Next: 72%
Magic:  16/22      EV: 10    Int: 17    God:
Gold:   256        SH:  0    Dex: 14    Spells: 7/14 levels left

rFire   . . .        p - +3 quarterstaff (chaos)
rCold   + . .        (no shield)
rNeg    . . .        m - +0 ring mail {rC+}
rPois   .            (helmet unavailable)
rElec   .            q - +0 cloak
rCorr   .            h - +0 pair of gloves
SInv    +            (no boots)
Will    .....        i - amulet of regeneration
Stlth   +            r - ring of magical power
HPRegen 1.09/turn    (no ring)
MPRegen 0.18/turn

%: no passive effects
@: no status effects
A: permanent stasis, dig shafts and tunnels, antennae 3, four strong arms
a: Dig, Shaft Self


You were on level 5 of the Dungeon.
You visited 1 branch of the dungeon, and saw 5 of its levels.

You collected 256 gold pieces.

Inventory:

Hand Weapons
 p - a +3 quarterstaff of chaos (weapon)
Armour
 a - a +0 chain mail
 h - a +0 pair of gloves (worn)
 m - a +0 ring mail of cold resistance (worn)
 q - a +0 cloak (worn)
Magical Staves
 d - a staff of death
Jewellery
 i - an amulet of regeneration (around neck)
 r - a ring of magical power (left hand)
Scrolls
 c - a scroll of enchant armour {unknown}
 f - a scroll of silence {unknown}
 g - a scroll of revelation {unknown}
 l - a scroll of fear {unknown}
 o - a scroll of vulnerability
 s - a scroll of blinking {unknown}
Potions
 b - a potion of magic
 e - a potion of heal wounds
 j - 2 potions of curing
 n - a potion of degeneration {unknown}


   Skills:
 + Level 4.0 Fighting
 - Level 1.7 Dodging
 - Level 2.4 Stealth
 + Level 4.3 Spellcasting
 * Level 7.5 Earth Magic
 - Level 1.3 Alchemy


You had 7 spell levels left.
You knew the following spells:

 Your Spells              Type           Power      Damage    Failure   Level
a - Sandblast             Erth           58%        2d13      1%          1
b - Passwall              Erth           29%        N/A       4%          3
c - Stone Arrow           Conj/Erth      32%        3d9       22%         3

Your spell library contained the following spells:

 Spells                   Type           Power      Damage    Failure   Level
 Petrify                  Alch/Erth      18%        N/A       50%         4
 Brom's Barrelling Bould  Conj/Erth      16%        2d4       58%         4


Dungeon Overview and Level Annotations

Branches:
Dungeon (5/15)
 Temple: D:4-7

Altars:
Dithmenos
Okawaru

Shops:
D:2 :

Annotations:
D:5 1 runed translucent door


Innate Abilities, Weirdness & Mutations

You cannot be hasted, slowed, berserked, paralysed or teleported.
You can dig through walls and to a lower floor.
You have a pair of large antennae on your head. (SInv)
Your four strong arms can wield two-handed weapons with a shield.


Message History

Aiming: Sandblast (safe; 1% risk of failure)
Press: ? - help, Q - select action, (/) - cycle Shift-Dir - straight line The blast of sand hits the ogre!
The ogre is severely wounded.
The ogre hits you with a +0 giant spiked club!!
Ouch! That really hurt!
Aiming: Sandblast (safe; 1% risk of failure)
Press: ? - help, Q - select action, (/) - cycle Shift-Dir - straight line The blast of sand hits the ogre!
You kill the ogre!
Unknown command.
Aiming: Sandblast (safe; 1% risk of failure)
Press: ? - help, Q - select action, (/) - cycle Shift-Dir - straight line
Okay, then.
Unknown command.
Aiming: Sandblast (safe; 1% risk of failure)
Press: ? - help, Q - select action, (/) - cycle Shift-Dir - straight line The blast of sand hits the iguana but does no damage.
The iguana barely misses you. x2
Aiming: Sandblast (safe; 1% risk of failure)
Press: ? - help, Q - select action, (/) - cycle Shift-Dir - straight line The blast of sand hits the iguana!
The iguana is severely wounded.
The iguana bites you!
Unknown command.
Aiming: Sandblast (safe; 1% risk of failure)
Press: ? - help, Q - select action, (/) - cycle Shift-Dir - straight line The blast of sand hits the iguana!!
You kill the iguana!
The ogre closely misses you.
Your Fighting skill increases to level 4!
Unknown command.
Aiming: Sandblast (safe; 1% risk of failure)
Press: ? - help, Q - select action, (/) - cycle Shift-Dir - straight line The blast of sand hits the ogre.
The ogre is lightly wounded.
A hound comes into view.
The ogre hits you with a +0 giant spiked club!!
Ouch! That really hurt!
You die...

..........^.........
...h.##.............
#...................
.O................##
#..............##..##
....................##
..............[......##
....#.#O####..........##
..# #.#@# #........#..#
. #.#..####..........#
................##<.
......†........###..
.[...........#......
...######......#####.
##.. ##....... . #..
#....###.. . ###### # .


You could see an ogre and a hound (wandering).

Vanquished Creatures
  2 ogres
  A phantom (D:5)
  A scorpion (D:5)
  A hound (D:4)
  A bombardier beetle (D:4)
  An orc priest (D:4)
  Crazy Yiuf (D:3)
  2 iguanas
  6 adders
  A worm (D:2)
  A dart slug (D:4)
  5 orcs (D:4)
  4 bats
  6 endoplasms
  4 giant cockroaches
  10 goblins
  6 hobgoblins
  4 jackals
  6 kobolds
  4 quokkas
  9 ball pythons
  5 frilled lizards
  4 rats (D:1)
85 creatures vanquished.

Notes
Turn   | Place    | Note
-------+----------+-------------------------------------------
     0 | D:1      | Bnni the Formicid Earth Elementalist began the quest for
                  | the Orb.
     0 | D:1      | Reached XP level 1. HP: 13/13 MP: 3/3
   126 | D:1      | Reached XP level 2. HP: 20/20 MP: 0/5
   133 | D:1      | Reached skill level 4 in Earth Magic
   269 | D:1      | Reached skill level 1 in Fighting
   381 | D:1      | Reached XP level 3. HP: 22/26 MP: 1/6
   773 | D:2      | Found Yhikeogg's Book Shoppe.
   878 | D:2      | Learned a level 3 spell: Passwall
   898 | D:2      | Learned a level 3 spell: Stone Arrow
  1021 | D:2      | Reached XP level 4. HP: 32/32 MP: 6/8
  1140 | D:2      | Reached skill level 5 in Earth Magic
  1582 | D:3      | Reached XP level 5. HP: 6/38 MP: 7/9
  1646 | D:3      | Found a shadowy altar of Dithmenos.
  1647 | D:3      | Found an iron altar of Okawaru.
  2040 | D:3      | Found a runed translucent door.
  2041 | D:3      | Noticed Crazy Yiuf
  2047 | D:3      | Killed Crazy Yiuf
  2484 | D:4      | Reached XP level 6. HP: 46/46 MP: 6/11
  2487 | D:4      | Reached skill level 6 in Earth Magic
  2576 | D:4      | Noticed an ogre
  2580 | D:4      | Killed an ogre
  3157 | D:4      | Reached XP level 7. HP: 52/52 MP: 12/12
  3330 | D:5      | Entered Level 5 of the Dungeon
  3354 | D:5      | Found a runed translucent door.
  3371 | D:5      | Reached skill level 7 in Earth Magic
  3376 | D:5      | Demolished by an ogre

Illustrated notes

Levels and vault maps discovered:
D:1:      dpeg_arrival_simpleton_c, layout_rooms, serial_curves, eino_curves_01,
          eino_curves_02
D:2:      layout_basic, serial_shops, shop
D:3:      layout_basic, mainiacjoe_overflow_divided_tiny,
          uniq_crazy_yiuf_cottage
D:4:      layout_gridville
D:5:      layout_rooms, ebering_ghost_sewer_f, uniq_blork_the_orc

Skill      XL: |  1  2  3  4  5  6  7 |
---------------+----------------------+-----
Earth Magic    | 4 5 6 7 |  7.5
Fighting       | 1 2 3 4 |  4.0
Spellcasting   | 3 4 |  4.3
Dodging        | |  1.7
Stealth        | |  2.4
Alchemy        | |  1.3

Action                     |  1- 3 |  4- 6 |  7- 9 || total
---------------------------+-------+-------+-------++-------
  Melee: Staff             |    27 |     2 |       ||    29
   Cast: Sandblast         |    39 |    68 |    11 ||   118
    Use: Potion            |       |     1 |       ||     1
         Scroll            |       |       |     4 ||     4
 Armour: Robe              |    23 |     6 |       ||    29
         Ring mail         |       |    15 |     5 ||    20
  Dodge: Dodged            |    40 |    17 |     3 ||    60

Table legend: (Time is in decaauts)
 A = Elapsed time spent in this place.
 B = Non-inter-level travel time spent in this place.
 C = Inter-level travel time spent in this place.
 D = Time resting spent in this place.
 E = Time spent auto-exploring this place.
 F = Levels seen in this place.
 G = Mean time per level.
                   A        B        C        D        E       F      G
               +--------+--------+--------+--------+--------+-----+--------+
         Total |   3436 |   3292 |    144 |     18 |   2734 |   5 |  687.2 |
       Dungeon |   3436 |   3292 |    144 |     18 |   2734 |   5 |  687.2 |
               +--------+--------+--------+--------+--------+-----+--------+

Top non-repeatable levels by time:
     D:4: 1051 daAuts
     D:3: 907 daAuts
     D:1: 731 daAuts
     D:2: 694 daAuts
     D:5: 50 daAuts
